AoeStats
← fat_dgk

Nomad

506931250Analyzed
4v4 RM · 17d ago on Sep 15, 2026· 43m 15s· 8 players
Game mode
Random Map
Map size
231×231
Population
200
Speed
Normal
Resources
Standard
Victory
Conquest
Starting age
Dark Age
Ending age
Imperial Age
RankedLock teamsTeams togetherTeam positionsShared explorationLock speedFull tech treeHidden civsTurbo modeCheats
Victory
Defeat
🇪🇸 Italians · Spain
1239
+14
🇲🇽 Koreans · Mexico
1235
+15
🇫🇷 Persians · France
1175
+17
🇩🇪 Khmer · Germany
1165
+18
🇨🇱 Mongols · Chile
1232
-17
🇦🇷 Persians · Argentina
1198
-16
🇬🇧 Portuguese · United Kingdom
1193
-16
1185
-15
Searching for food
10:39 Loom
17:53 Feudal Age
22:33 Castle Age
23:28 Gold Mining
29:23 Imperial Age
36:19 Chemistry
36:30 Arquebus
37:49 Town Watch
38:49 Siege Engineers
39:29 Murder Holes
40:03 Elite Organ Gun
41:11 Ballistics
fat_dgk
8:44 Loom
11:36 Feudal Age
16:15 Wheelbarrow
27:19 Castle Age
Pte. psiquiatrico en pañales
5:14 Loom
15:30 Feudal Age
16:37 Double-Bit Axe
18:28 Wheelbarrow
22:24 Castle Age
21:55 Stone Mining
26:30 Forging
26:21 Scale Mail Armor
twitch.tv/megafussion
5:40 Loom
14:36 Feudal Age
18:29 Fletching
21:48 Castle Age
21:09 Town Watch
21:12 Double-Bit Axe
22:06 Horse Collar
22:40 Bow Saw
28:21 Heavy Plow
zaackvader10
4:28 Loom
15:38 Feudal Age
16:20 Double-Bit Axe
19:59 Castle Age
17:58 Stone Mining
18:36 Forging
24:50 Scale Mail Armor
26:30 Fletching
28:36 Wheelbarrow
29:15 Fishing Lines
35:23 Imperial Age
36:45 Hand Cart
36:16 Town Watch
35:54 Elite War Wagon
36:57 Conscription
36:57 Shinkichon
36:59 Bodkin Arrow
37:09 Husbandry
36:38 Elite Fire Lancer
37:05 Gambesons
38:16 Eupseong
38:24 Bracer
40:01 Ballistics
40:00 Town Patrol
40:14 Gold Mining
40:52 Squires
41:55 Capped Ram
41:56 Heavy Rocket Cart
Fricelebarbare
4:54 Loom
14:47 Feudal Age
19:17 Castle Age
21:39 Fishing Lines
24:10 Wheelbarrow
33:14 Gold Mining
33:56 Horse Collar
34:39 Stone Mining
35:25 Gold Shaft Mining
36:13 Hand Cart
35:43 Town Watch
40:16 Imperial Age
37:58 Scale Barding Armor
38:03 Forging
38:04 Heavy Plow
40:02 Town Patrol
41:03 Chain Barding Armor
41:19 Iron Casting
41:15 Conscription
41:28 Double-Bit Axe
42:42 Crop Rotation
42:51 Bow Saw
44:17 Stone Shaft Mining
hcenemod
5:41 Loom
13:12 Feudal Age
15:38 Double-Bit Axe
26:19 Castle Age
25:08 Stone Mining
25:10 Gold Mining
30:01 Stone Shaft Mining
30:14 Fletching
30:50 Ballistics
31:30 Medium Warships
31:27 Bodkin Arrow
33:11 Wheelbarrow
35:13 Hand Cart
37:49 Imperial Age
36:08 Hand Cart
36:57 Padded Archer Armor
37:32 Bow Saw
37:58 Leather Archer Armor
39:01 Conscription
38:57 Masonry
38:30 Treadmill Crane
39:54 Chemistry
38:59 Town Watch
40:45 Two-Man Saw
41:06 Onager
derquatze
4:49 Loom
14:22 Feudal Age
15:23 Feudal Age
17:03 Fishing Lines
21:34 Castle Age
20:20 Double-Bit Axe
20:28 Gold Mining
21:52 Stone Mining
28:11 Gillnets
29:24 Wheelbarrow
37:50 Imperial Age
36:27 Hand Cart
35:58 Town Watch
36:46 Bow Saw
39:12 Gold Shaft Mining
39:24 Conscription
38:25 Elite Ballista Elephant
38:58 Elite Battle Elephant
39:38 Husbandry
39:52 Tusk Swords
40:34 Bloodlines
40:47 Scale Barding Armor
41:01 Forging
42:40 Chain Barding Armor
43:02 Iron Casting
Connection lost

Rejoining the realm…

Still unreachable

The connection could not be restored.

Session expired

The server has moved on; the page needs a fresh start.